TOP OF THE 1ST |
Tremont Doubledays batting - Pitching for Jersey City Sun Caps : RHP Jim Unknown
|
Pitching: RHP Jim Unknown
|
|
Batting: LHB Scott Britt
|
0-0: Called Strike 0-1: Fly out, F2 (Popup, 2LF)
|
Batting: LHB Jim Unknown
|
0-0: Ball 1-0: Ball 2-0: Foul Ball, location: 2F 2-1: Ball 3-1: DOUBLE (Groundball, 5L)
|
Batting: RHB Kazunori Ito
|
0-0: Called Strike 0-1: Ball 1-1: Called Strike 1-2: Fly out, F6 (Popup, 56D)
|
Batting: LHB Emílio Barbán
|
0-0: Called Strike 0-1: Ball 1-1: Ball 2-1: Swinging Strike 2-2: Foul Ball, location: 2F 2-2: Ball 3-2: Base on Balls
|
Batting: LHB Félix López
|
0-0: Ball 1-0: Ball 2-0: Swinging Strike 2-1: Ball 3-1: Called Strike 3-2: Base on Balls Jim Unknown to third Emílio Barbán to second
|
Batting: RHB Jim Unknown
|
0-0: Foul Ball, location: 2F 0-1: Ball 1-1: Swinging Strike 1-2: Foul Ball, location: 2F 1-2: Ball 2-2: Strikes out looking
|
Top of the 1st over - 0 run(s), 1 hit(s), 0 error(s), 3 left on base; Tremont 0 - Jersey City 0 |
BOTTOM OF THE 1ST |
Jersey City Sun Caps batting - Pitching for Tremont Doubledays : RHP Rob Stone
|
Pitching: RHP Rob Stone
|
|
Batting: RHB Brandon Reed
|
0-0: Fly out, F9 (Flyball, 9LM)
|
Batting: RHB Jonah Moody
|
0-0: Called Strike 0-1: Ball 1-1: Ball 2-1: Ball 3-1: Called Strike 3-2: Base on Balls
|
Batting: LHB Munemori Ohara
|
0-0: Ball 1-0: Swinging Strike 1-1: Fielders Choice at 2nd, 4-6 (Groundball, 34)
|
Batting: LHB Miguel Martínez
|
0-0: Ball 1-0: Ball 2-0: SINGLE (Groundball, 56) Munemori Ohara to second Runner from 2nd tries for 3rd, SAFE, no throw or cutoff
|
Batting: RHB Tony Quintana
|
0-0: Called Strike 0-1: Foul Ball, location: 2F 0-2: Strikes out looking
|
Bottom of the 1st over - 0 run(s), 1 hit(s), 0 error(s), 2 left on base; Tremont 0 - Jersey City 0 |
TOP OF THE 2ND |
Tremont Doubledays batting - Pitching for Jersey City Sun Caps : RHP Jim Unknown
|
Batting: SHB Jim Unknown
|
0-0: Ball 1-0: Fly out, F7 (Flyball, 7S)
|
Batting: RHB Jim Unknown
|
0-0: Ball 1-0: Foul Ball, location: 2F 1-1: Ball 2-1: Ball 3-1: SINGLE (Groundball, 56D)
|
Batting: RHB Jim Unknown
|
0-0: Ball 1-0: Ball 2-0: Foul Ball, location: 2F 2-1: Swinging Strike 2-2: Grounds into double play, 5-4-3 (Groundball, 56)
|
Top of the 2nd over - 0 run(s), 1 hit(s), 0 error(s), 0 left on base; Tremont 0 - Jersey City 0 |
BOTTOM OF THE 2ND |
Jersey City Sun Caps batting - Pitching for Tremont Doubledays : RHP Rob Stone
|
Batting: LHB Rick Watson
|
0-0: DOUBLE (Line Drive, 9LM)
|
Batting: RHB Christian O'Neal
|
0-0: Called Strike 0-1: Ball Wild Pitch! Rick Watson to third 1-1: SINGLE (Groundball, 6MD) Rick Watson scores
|
Batting: RHB Christian O'Dell
|
0-0: Grounds into double play, 5-4-3 (Groundball, 56)
|
Batting: RHB Enrique Echevarría
|
0-0: Called Strike 0-1: Ball 1-1: Ball 2-1: SOLO HOME RUN (Flyball, 7LD), Distance : 354 ft
|
Batting: RHB Brandon Reed
|
0-0: Hit by Pitch
|
Pitching: LHP Jim Unknown
|
|
Pinch Runner at 1st Jesús Pérez:
|
|
Batting: RHB Jonah Moody
|
0-0: Called Strike 0-1: Ball 1-1: Ball 2-1: SINGLE (Groundball, 13) (infield hit) Jesús Pérez to second
|
Batting: LHB Munemori Ohara
|
0-0: Foul Ball, location: 2F 0-1: Ground out U3 (Groundball, 3S)
|
Bottom of the 2nd over - 2 run(s), 4 hit(s), 0 error(s), 2 left on base; Tremont 0 - Jersey City 2 |
TOP OF THE 3RD |
Tremont Doubledays batting - Pitching for Jersey City Sun Caps : RHP Jim Unknown
|
Now in CF: Jesús Pérez
|
|
Batting: LHB Scott Britt
|
0-0: Ball 1-0: Ball 2-0: Called Strike 2-1: Foul Ball, location: 2F 2-2: Foul Ball, location: 2F 2-2: Foul Ball, location: 2F 2-2: SINGLE (Line Drive, 8LS)
|
Batting: LHB Jim Unknown
|
0-0: Hit by Pitch Scott Britt to second
|
Batting: RHB Kazunori Ito
|
0-0: Called Strike 0-1: Ball 1-1: Ball 2-1: SINGLE (Groundball, 34D) Scott Britt to third Jim Unknown to second
|
Batting: LHB Emílio Barbán
|
0-0: SINGLE (Line Drive, 56D) Scott Britt scores Jim Unknown to third Kazunori Ito to second
|
Batting: LHB Félix López
|
0-0: Ball 1-0: Ball 2-0: Swinging Strike 2-1: Ball 3-1: Grounds into double play, 6-4-3 (Groundball, 6) Jim Unknown scores Kazunori Ito to third
|
Batting: RHB Jim Unknown
|
0-0: DOUBLE (Line Drive, 9D) Kazunori Ito scores
|
Batting: SHB Jim Unknown
|
0-0: Ball 1-0: Called Strike 1-1: DOUBLE (Line Drive, 8LM) Jim Unknown scores
|
Batting: RHB Jim Unknown
|
0-0: Ball 1-0: Fly out, F6 (Line Drive, 6)
|
Top of the 3rd over - 4 run(s), 5 hit(s), 0 error(s), 1 left on base; Tremont 4 - Jersey City 2 |
BOTTOM OF THE 3RD |
Jersey City Sun Caps batting - Pitching for Tremont Doubledays : LHP Jim Unknown
|
Batting: LHB Miguel Martínez
|
0-0: Swinging Strike 0-1: Ball 1-1: Swinging Strike 1-2: Ball 2-2: Ball 3-2: Ground out 4-3 (Groundball, 4)
|
Batting: RHB Tony Quintana
|
0-0: Called Strike 0-1: SOLO HOME RUN (Flyball, 78XD), Distance : 432 ft
|
Batting: LHB Rick Watson
|
0-0: Called Strike 0-1: Fly out, F6 (Popup, 6M)
|
Batting: RHB Christian O'Neal
|
0-0: Ball 1-0: Swinging Strike 1-1: Ball 2-1: Called Strike 2-2: Fly out, F9 (Flyball, 89M)
|
Bottom of the 3rd over - 1 run(s), 1 hit(s), 0 error(s), 0 left on base; Tremont 4 - Jersey City 3 |
TOP OF THE 4TH |
Tremont Doubledays batting - Pitching for Jersey City Sun Caps : RHP Jim Unknown
|
Batting: RHB Jim Unknown
|
0-0: Ground out 6-3 (Groundball, 6)
|
Batting: LHB Scott Britt
|
0-0: Ball 1-0: Ball 2-0: Ground out 4-3 (Groundball, 34)
|
Batting: LHB Jim Unknown
|
0-0: Called Strike 0-1: Fly out, F7 (Flyball, 7M)
|
Top of the 4th over - 0 run(s), 0 hit(s), 0 error(s), 0 left on base; Tremont 4 - Jersey City 3 |
BOTTOM OF THE 4TH |
Jersey City Sun Caps batting - Pitching for Tremont Doubledays : LHP Jim Unknown
|
Batting: RHB Christian O'Dell
|
0-0: Ground out 5-3 (Groundball, 56S)
|
Batting: RHB Enrique Echevarría
|
0-0: Ball 1-0: Ball 2-0: Ball 3-0: Called Strike 3-1: Base on Balls
|
Batting: LHB Jesús Pérez
|
0-0: Ball 1-0: Ball 2-0: Foul Ball, location: 2F 2-1: Called Strike 2-2: Foul Ball, location: 2F 2-2: Foul Ball, location: 2F 2-2: Foul Ball, location: 2F 2-2: Strikes out swinging
|
Pitching: LHP Jim Unknown
|
|
Batting: RHB Jonah Moody
|
0-0: Ball 1-0: Ground out 6-3 (Groundball, 6)
|
Bottom of the 4th over - 0 run(s), 0 hit(s), 0 error(s), 1 left on base; Tremont 4 - Jersey City 3 |
TOP OF THE 5TH |
Tremont Doubledays batting - Pitching for Jersey City Sun Caps : RHP Jim Unknown
|
Batting: RHB Kazunori Ito
|
0-0: Ball 1-0: Ball 2-0: Ball 3-0: Base on Balls
|
Batting: LHB Emílio Barbán
|
0-0: DOUBLE (Line Drive, 8LD) Kazunori Ito to third Runner from 3rd tries for Home, SAFE, throw made home
|
Batting: LHB Félix López
|
0-0: Ball 1-0: Ball 2-0: Fly out, F5 (Popup, 5L)
|
Batting: RHB Jim Unknown
|
0-0: Reached on error, E5 (Groundball, 6S) Emílio Barbán to third
|
Batting: SHB Jim Unknown
|
0-0: Ball 1-0: Ball 2-0: SINGLE (Groundball, 4M) Emílio Barbán scores Jim Unknown to second
|
Pitching: LHP Jim Unknown
|
|
Batting: RHB Jim Unknown
|
0-0: Ball Wild Pitch! Jim Unknown to third Jim Unknown to second 1-0: Fly out, F8 (Flyball, 8RXD) Runner from 3rd tags up, SCORES, no throw
|
Batting: RHB Jim Unknown
|
0-0: Called Strike 0-1: Called Strike 0-2: Ball 1-2: Foul Ball, location: 2F 1-2: Fly out, F8 (Flyball, 8RS)
|
Top of the 5th over - 3 run(s), 2 hit(s), 1 error(s), 1 left on base; Tremont 7 - Jersey City 3 |
BOTTOM OF THE 5TH |
Jersey City Sun Caps batting - Pitching for Tremont Doubledays : LHP Jim Unknown
|
Batting: LHB Munemori Ohara
|
0-0: Ball 1-0: SINGLE (Groundball, 56D)
|
Batting: LHB Miguel Martínez
|
0-0: Called Strike 0-1: Called Strike 0-2: Fly out, F4 (Popup, 4M)
|
Batting: RHB Tony Quintana
|
0-0: Ball 1-0: Ball 2-0: Foul Ball, location: 2F 2-1: Swinging Strike 2-2: Foul Ball, location: 2F 2-2: Strikes out swinging Munemori Ohara steals 2nd base Batter strikes out.
|
Batting: LHB Rick Watson
|
0-0: Ball 1-0: Ball 2-0: Swinging Strike 2-1: 2-RUN HOME RUN (Line Drive, 9LD), Distance : 343 ft
|
Batting: RHB Christian O'Neal
|
0-0: Ball 1-0: Ground out 6-3 (Groundball, 6)
|
Bottom of the 5th over - 2 run(s), 2 hit(s), 0 error(s), 0 left on base; Tremont 7 - Jersey City 5 |
TOP OF THE 6TH |
Tremont Doubledays batting - Pitching for Jersey City Sun Caps : LHP Jim Unknown
|
Batting: LHB Scott Britt
|
0-0: Ball 1-0: Ball 2-0: Ground out 4-3 (Groundball, 4)
|
Batting: LHB Jim Unknown
|
0-0: Called Strike 0-1: Foul Ball, location: 2F 0-2: Ball 1-2: Ground out 4-3 (Groundball, 34)
|
Batting: RHB Kazunori Ito
|
0-0: Ball 1-0: Ball 2-0: Ball 3-0: Called Strike 3-1: Base on Balls
|
Batting: LHB Emílio Barbán
|
0-0: Ground out 4-3 (Groundball, 34)
|
Top of the 6th over - 0 run(s), 0 hit(s), 0 error(s), 1 left on base; Tremont 7 - Jersey City 5 |
BOTTOM OF THE 6TH |
Jersey City Sun Caps batting - Pitching for Tremont Doubledays : LHP Jim Unknown
|
Batting: RHB Christian O'Dell
|
0-0: Ball 1-0: Ball 2-0: Foul Ball, location: 2F 2-1: Ground out 6-3 (Groundball, 6)
|
Batting: RHB Enrique Echevarría
|
0-0: SOLO HOME RUN (Line Drive, 7D), Distance : 393 ft
|
Pitching: RHP Jim Unknown
|
|
Batting: LHB Jesús Pérez
|
0-0: Foul Ball, location: 2F 0-1: Fly out, F8 (Flyball, 8RD)
|
Batting: RHB Jonah Moody
|
0-0: Fly out, F9 (Flyball, 9LMF)
|
Bottom of the 6th over - 1 run(s), 1 hit(s), 0 error(s), 0 left on base; Tremont 7 - Jersey City 6 |
TOP OF THE 7TH |
Tremont Doubledays batting - Pitching for Jersey City Sun Caps : LHP Jim Unknown
|
Batting: LHB Félix López
|
0-0: Ball 1-0: Foul Ball, location: 2F 1-1: Ball 2-1: Fly out, F8 (Popup, 8RS)
|
Batting: RHB Jim Unknown
|
0-0: Ball 1-0: Foul Ball, location: 2F 1-1: Foul Ball, location: 2F 1-2: Ball 2-2: Fly out, F4 (Line Drive, 4D)
|
Batting: SHB Jim Unknown
|
0-0: Called Strike 0-1: Foul Ball, location: 2F 0-2: Ball 1-2: SINGLE (Line Drive, 89S)
|
Pinch Hitting: RHB Jim Unknown
|
0-0: Ball 1-0: Swinging Strike 1-1: Foul Ball, location: 2F 1-2: Strikes out swinging
|
Top of the 7th over - 0 run(s), 1 hit(s), 0 error(s), 1 left on base; Tremont 7 - Jersey City 6 |
BOTTOM OF THE 7TH |
Jersey City Sun Caps batting - Pitching for Tremont Doubledays : RHP Jim Unknown
|
Now in LF: Jim Unknown
|
|
Batting: LHB Munemori Ohara
|
0-0: Ball 1-0: Ball 2-0: Foul Ball, location: 2F 2-1: Called Strike 2-2: Ball 3-2: Base on Balls
|
Batting: LHB Miguel Martínez
|
0-0: Ball Pickoff Throw to First - Out! 1-0: Swinging Strike 1-1: Ball 2-1: Ball 3-1: Ground out 5-3 (Groundball, 5S)
|
Batting: RHB Tony Quintana
|
0-0: Swinging Strike 0-1: Swinging Strike 0-2: Ball 1-2: Ball 2-2: Ground out 5-3 (Groundball, 5)
|
Bottom of the 7th over - 0 run(s), 0 hit(s), 0 error(s), 0 left on base; Tremont 7 - Jersey City 6 |
TOP OF THE 8TH |
Tremont Doubledays batting - Pitching for Jersey City Sun Caps : LHP Jim Unknown
|
Batting: RHB Jim Unknown
|
0-0: Ground out 6-3 (Groundball, 6)
|
Batting: LHB Scott Britt
|
0-0: Ball 1-0: Foul Ball, location: 2F 1-1: Foul Ball, location: 2F 1-2: Strikes out looking
|
Batting: LHB Jim Unknown
|
0-0: Ball 1-0: Ball 2-0: Ball 3-0: Called Strike 3-1: SINGLE (Groundball, 34D)
|
Pitching: RHP Jim Unknown
|
|
Batting: RHB Kazunori Ito
|
0-0: Fly out, F3 (Popup, 3DF)
|
Top of the 8th over - 0 run(s), 1 hit(s), 0 error(s), 1 left on base; Tremont 7 - Jersey City 6 |
BOTTOM OF THE 8TH |
Jersey City Sun Caps batting - Pitching for Tremont Doubledays : RHP Jim Unknown
|
Pitching: RHP Jim Unknown
|
|
Batting: LHB Rick Watson
|
0-0: Called Strike 0-1: Ball 1-1: SINGLE (Line Drive, 4D)
|
Batting: RHB Christian O'Neal
|
0-0: Ball 1-0: Ball 2-0: Ball 3-0: Called Strike 3-1: Base on Balls Rick Watson to second
|
Batting: RHB Christian O'Dell
|
0-0: Swinging Strike 0-1: Fly out, F8 (Flyball, 8LM)
|
Batting: RHB Enrique Echevarría
|
0-0: Foul Ball, location: 2F 0-1: Foul Ball, location: 2F 0-2: Ball 1-2: Foul Ball, location: 2F 1-2: Foul Ball, location: 2F 1-2: Ball 2-2: Ball 3-2: Base on Balls Rick Watson to third Christian O'Neal to second
|
Batting: LHB Jesús Pérez
|
0-0: Foul Ball, location: 2F 0-1: Swinging Strike 0-2: Strikes out looking
|
Pinch Hitting: RHB Oscar Lewis
|
0-0: Called Strike 0-1: Called Strike 0-2: Ball 1-2: Strikes out swinging
|
Bottom of the 8th over - 0 run(s), 1 hit(s), 0 error(s), 3 left on base; Tremont 7 - Jersey City 6 |
TOP OF THE 9TH |
Tremont Doubledays batting - Pitching for Jersey City Sun Caps : RHP Jim Unknown
|
Pitching: RHP Jim Unknown
|
|
Now at SS: Oscar Lewis
|
|
Batting: LHB Emílio Barbán
|
0-0: Foul Ball, location: 2F 0-1: Fly out, F3 (Popup, 4S)
|
Batting: LHB Félix López
|
0-0: Foul Ball, location: 2F 0-1: Ball 1-1: Swinging Strike 1-2: Strikes out swinging
|
Batting: RHB Jim Unknown
|
0-0: Foul Ball, location: 2F 0-1: Swinging Strike 0-2: Strikes out swinging
|
Top of the 9th over - 0 run(s), 0 hit(s), 0 error(s), 0 left on base; Tremont 7 - Jersey City 6 |
BOTTOM OF THE 9TH |
Jersey City Sun Caps batting - Pitching for Tremont Doubledays : RHP Jim Unknown
|
Pitching: RHP Jim Unknown
|
|
Batting: LHB Munemori Ohara
|
0-0: Ball 1-0: Foul Ball, location: 2F 1-1: Called Strike 1-2: Strikes out swinging
|
Batting: LHB Miguel Martínez
|
0-0: Ball 1-0: Fly out, F8 (Flyball, 8RD)
|
Batting: RHB Tony Quintana
|
0-0: Swinging Strike 0-1: Called Strike 0-2: Foul Ball, location: 2F 0-2: Ball 1-2: Strikes out swinging
|
Bottom of the 9th over - 0 run(s), 0 hit(s), 0 error(s), 0 left on base; Tremont 7 - Jersey City 6 |
|